 Dungeon Crawl Stone Soup version 0.27-a0-1347-gd8886f0a89 (webtiles) character file.

Game seed: 4363683474879275125

2447 octoduck the Destroyer (level 9, -3/45 HPs)
             Began as a Deep Elf Fire Elementalist on June 28, 2021.
             Was a Follower of Vehumet.
             Slain by a killer bee (4 damage)
             ... on level 7 of the Dungeon.
             The game lasted 00:37:44 (13421 turns).

octoduck the Destroyer (DEFE)                      Turns: 13421, Time: 00:37:46

Health: -3/45      AC:  3    Str:  6    XL:     9   Next: 25%
Magic:  2/15       EV: 12    Int: 23    God:    Vehumet [*.....]
Gold:   1385       SH:  0    Dex: 15    Spells: 6/14 levels left

rFire    . . .     SeeInvis .   c - +0 dagger (drain)
rCold    . . .     Faith    .   (no shield)
rNeg     . . .     Spirit   .   a - +1 robe
rPois    .         Reflect  .   (no helmet)
rElec    .         Harm     .   (no cloak)
rCorr    .         Rampage  .   (no gloves)
Will     .....                  (no boots)
Stlth    +++.......             (no amulet)
HPRegen  0.15/turn              (no ring)
MPRegen  0.14/turn              (no ring)

@: lethally poisoned (-3 -> -16), studying Invocations
A: no striking features
a: Renounce Religion


You were on level 7 of the Dungeon.
You worshipped Vehumet.
Vehumet was aware of your devotion.
You visited 2 branches of the dungeon, and saw 8 of its levels.
You also visited: Ossuary.

You collected 1385 gold pieces.

Inventory:

Hand Weapons
 c - a +0 dagger of draining (weapon)
 f - a +0 scimitar
 v - a +4 quarterstaff of chaos
Missiles
 q - 8 silver boomerangs
Armour
 a - a +1 robe (worn)
Magical Staves
 h - a staff of poison
Jewellery
 b - a ring of ice
Wands
 w - a wand of flame (9)
Scrolls
 g - a scroll of summoning {unknown}
 j - a scroll of magic mapping
 p - a scroll of identify
 t - a scroll of brand weapon
 x - a scroll of teleportation
Potions
 d - a potion of berserk rage
 e - 4 potions of curing
 i - 2 potions of resistance {unknown}
 k - a potion of flight {unknown}
 l - a potion of heal wounds {unknown}
 m - 2 potions of haste
 n - 3 potions of attraction {unknown}
 o - 2 potions of brilliance {unknown}
 r - a potion of cancellation {unknown}
 u - a potion of mutation {unknown}
Miscellaneous
 s - a phial of floods


   Skills:
 - Level 2.4 Dodging
 - Level 5.9 Stealth
 - Level 3.0 Spellcasting
 + Level 10.7 Conjurations
 + Level 3.8 Hexes
 - Level 6.9 Fire Magic


You had 6 spell levels left.
You knew the following spells:

 Your Spells              Type           Power      Damage    Failure   Level
a - Foxfire               Conj/Fire      100%       2x1d9     1%          1
b - Conjure Flame         Conj/Fire      44%        6-21      1%          3
c - Dazzling Flash        Conj/Hex       74%        N/A       1%          3
d - Shock                 Conj/Air       100%       1d9       1%          1

Your spell library contained the following spells:

 Spells                   Type           Power      Damage    Failure   Level
 Magic Dart               Conj           100%       1d8       1%          1
 Searing Ray              Conj           100%       3d7       1%          2
 Corona                   Hex            23%        N/A       2%          1
 Inner Flame              Hex/Fire       28%        N/A       3%          3
 Sticky Flame             Conj/Fire      44%        2d6       3%          4
 Fulminant Prism          Conj/Hex       18%        3d11      6%          4
 Confusing Touch          Hex            21%        N/A       7%          3
 Tukima's Dance           Hex            21%        N/A       7%          3
 Ensorcelled Hibernation  Hex/Ice        24%        N/A       8%          2
 Fireball                 Conj/Fire      22%        3d10      9%          5
 Animate Skeleton         Necr           6%         N/A       12%         1
 Apportation              Tloc           6%         N/A       12%         1
 Summon Small Mammal      Summ           12%        N/A       12%         1
 Iskenderun's Mystic Bla  Conj/Tloc      28%        2d7       13%         4


Dungeon Overview and Level Annotations

Branches:
Dungeon (7/15)             Temple (1/1) D:4         Ossuary (visited)

Altars:
Ashenzari
Cheibriados
Dithmenos
Elyvilon
Gozag
Hepliaklqana
Kikubaaqudgha
Nemelex Xobeh
Okawaru
Qazlal
Ru
Vehumet
Yredelemnul
Zin
The Shining One

Shops:
D:4 [

Annotations:
D:7 1 exclusion


Message History

Confirm with . or Enter, or press ? or * to list all spells.
You conjure some foxfire!
The killer bee closely misses you. The killer bee stings you.
You are poisoned.
The killer bee poisons you! The killer bee stings you.
You are more poisoned.
The killer bee poisons you! The killer bee barely misses you.
You feel very sick.
The foxfire hits the killer bee!
The killer bee is moderately wounded.
The foxfire hits the killer bee.
The killer bee is heavily wounded.
The killer bee misses you. The killer bee stings you.
The killer bee closely misses you. The killer bee stings you.
Casting: Foxfire (safe; 1% risk of failure)
Confirm with . or Enter, or press ? or * to list all spells.
You conjure some foxfire!
You feel very sick. The killer bee stings you.
The killer bee barely misses you. The killer bee stings you.
The killer bee misses you.
* * * LOW HITPOINT WARNING * * *
You feel very sick.
The killer bee is no longer blind.
The foxfire hits the killer bee!
The killer bee is almost dead.
The killer bee barely misses you.
The foxfire hits the killer bee.
The killer bee is almost dead.
The killer bee stings you!
* * * LOW HITPOINT WARNING * * *
You are more poisoned.
The killer bee poisons you! The killer bee barely misses you.
The killer bee stings you.
* * * LOW HITPOINT WARNING * * *
Okay, then.
Casting: Foxfire (safe; 1% risk of failure)
Confirm with . or Enter, or press ? or * to list all spells.
You conjure some foxfire!
* * * LOW HITPOINT WARNING * * *
You feel very sick. The killer bee stings you.
You die...

#.........#..#.# # #.
#. #.........#..#..
#..#.........#..#.#.
#..######....##.#.#..
#.......#.....#.#
#.......#.....#.. ..
......#.....# #.
#.v§#.....# .
##.v@#.....### +####
+...yyy....... .....
#....#........ .....
##+###........ .....
###............. .....
........#####... ######
........'...#... #....#
........#y..# .. #....+
...######...'....#....#


You could see 3 killer bees.

Vanquished Creatures
  A hornet zombie (D:7)
  An ice beast (D:7)
  A sky beast (D:5)
  A black bear (D:6)
  6 ogres
  2 necrophages
  A scorpion (D:7)
  A bullfrog (D:4)
  A water moccasin skeleton (D:6)
  2 wyvern skeletons
  2 howler monkeys
  4 centaur zombies
  A jelly (D:7)
  4 hounds
  2 human zombies (Ossuary)
  Crazy Yiuf (D:6)
  4 centaur skeletons
  3 orc priests
  2 bullfrog skeletons
  A gnoll shaman (D:6)
  3 iguanas
  2 hound zombies (Ossuary)
  3 mummies (Ossuary)
  4 gnolls (D:6)
  8 adders
  A shadow imp (D:6)
  A white imp (D:5)
  3 adder zombies (Ossuary)
  A worm (D:2)
  2 dart slugs (D:1)
  9 orcs
  9 ball pythons
  4 bats
  6 endoplasms
  4 giant cockroaches
  2 gnoll zombies (Ossuary)
  7 goblins
  9 hobgoblins
  13 jackals
  6 quokkas
  3 frilled lizards
  4 goblin zombies (Ossuary)
  2 hobgoblin zombies (Ossuary)
  5 jackal zombies (Ossuary)
  5 kobolds
  3 kobold zombies (Ossuary)
  An orc zombie (Ossuary)
  4 quokka zombies (Ossuary)
  6 rats
  2 rat zombies (Ossuary)
173 creatures vanquished.

Vanquished Creatures (others)
  637 foxfires
637 creatures vanquished.

Grand Total: 810 creatures vanquished

Notes
Turn   | Place    | Note
-------+----------+-------------------------------------------
     0 | D:1      | octoduck the Deep Elf Fire Elementalist began the quest for
                  | the Orb.
     0 | D:1      | Reached XP level 1. HP: 10/10 MP: 6/6
   462 | D:1      | Reached XP level 2. HP: 15/15 MP: 6/8
   560 | D:1      | Reached skill level 2 in Conjurations
   981 | D:1      | Found a faded altar of an unknown god.
  1275 | D:1      | Reached XP level 3. HP: 17/19 MP: 5/9
  2032 | D:2      | Reached skill level 3 in Conjurations
  2515 | D:3      | Reached XP level 4. HP: 24/24 MP: 7/10
  3720 | D:4      | Reached skill level 5 in Fire Magic
  3720 | D:4      | Reached XP level 5. HP: 16/28 MP: 4/11
  3954 | D:4      | Noticed a necrophage
  4011 | D:4      | Found a sand-covered staircase.
  4023 | Ossuary  | Entered an ossuary
  4200 | Ossuary  | Reached XP level 6. HP: 16/32 MP: 8/12
  4362 | Ossuary  | Learned a level 3 spell: Conjure Flame
  5608 | Ossuary  | Reached skill level 5 in Stealth
  6176 | D:4      | Found Vuozusi's Antique Armour Shoppe.
  6249 | D:4      | Found a staircase to the Ecumenical Temple.
  6664 | D:4      | Reached XP level 7. HP: 36/36 MP: 9/13
  7420 | D:3      | Reached skill level 4 in Conjurations
  7743 | D:4      | Reached skill level 5 in Conjurations
  8182 | Temple   | Entered the Ecumenical Temple
  8213 | Temple   | Became a worshipper of Vehumet
  8369 | D:5      | Entered Level 5 of the Dungeon
  8457 | D:5      | Reached skill level 6 in Conjurations
  8608 | D:5      | Reached XP level 8. HP: 41/41 MP: 6/14
  8800 | D:5      | Reached skill level 7 in Conjurations
  8955 | D:5      | Found a stormy altar of Qazlal.
  8966 | D:5      | Found an opulent altar of Gozag.
  8969 | D:5      | Found a white marble altar of Elyvilon.
  8972 | D:5      | Found a glowing silver altar of Zin.
  9173 | D:5      | Reached skill level 8 in Conjurations
  9533 | D:5      | Identified a scroll of acquirement
  9533 | D:5      | Acquired 1113 gold pieces
 10389 | D:6      | Reached skill level 9 in Conjurations
 10983 | D:6      | Reached skill level 10 in Conjurations
 11510 | D:6      | Learned a level 3 spell: Dazzling Flash
 11565 | D:6      | Found a runed translucent door.
 11566 | D:6      | Noticed Crazy Yiuf
 11580 | D:6      | Killed Crazy Yiuf
 11580 | D:6      | Reached * piety under Vehumet
 11580 | D:6      | Offered knowledge of Shock by Vehumet.
 11581 | D:6      | Reached XP level 9. HP: 45/45 MP: 8/15
 11734 | D:6      | Reached skill level 1 in Hexes
 11775 | D:6      | Learned a level 1 spell: Shock
 11818 | D:6      | HP: 2/45 [poisoned by a water moccasin]
 12985 | D:7      | Noticed a troll
 13421 | D:7      | HP: 1/45 [poisoned by a killer bee]
 13421 | D:7      | Slain by a killer bee

Illustrated notes

Levels and vault maps discovered:
D:1:      onia_arrival_handbag, layout_loops_ring, basic_ecumenical_altar
D:2:      layout_basic, minmay_bisected
D:3:      layout_basic, st_stairs_5
D:4:      layout_loops_ring, minmay_temple_entry_proselytizer, enter_ossuary_1,
          serial_shops, shop, chequers_arboretum, minmay_manual_monolith
D:5:      layout_rooms, grunt_temple_overflow_cloverleaf
D:6:      layout_loops_ring, minmay_checkerbox, uniq_crazy_yiuf_cottage
D:7:      minmay_the_grid_plus [minmay_the_grid_minigrid_small_alt,
          minmay_the_grid_minigrid_small, minmay_the_grid_outer_circle,
          minmay_the_grid_large_cup, minmay_the_grid_prize_diamond_cup],
          layout_gridville, abandoned_shop
Temple:   regret_index_temple_mists

Skill      XL: |  1  2  3  4  5  6  7  8  9 |
---------------+----------------------------+-----
Conjurations   | 2 3 6 10 | 10.7
Fire Magic     | 4 5 6 |  6.9
Stealth        | 3 5 |  5.9
Hexes          | 3 |  3.8
Dodging        | |  2.4
Spellcasting   | |  3.0

Action                   |  1- 3 |  4- 6 |  7- 9 || total
-------------------------+-------+-------+-------++-------
Melee: Dagger            |     1 |     1 |    14 ||    16
 Cast: Foxfire           |    72 |   138 |   192 ||   402
       Conjure Flame     |       |    12 |    17 ||    29
       Shock             |       |       |    14 ||    14
       Dazzling Flash    |       |       |    10 ||    10
  Use: Scroll            |     3 |     8 |     6 ||    17
       Potion            |       |       |     3 ||     3
Armor: Robe              |     6 |    24 |    32 ||    62
Dodge: Dodged            |    31 |    48 |    83 ||   162

Table legend: (Time is in decaauts)
 A = Elapsed time spent in this place.
 B = Non-inter-level travel time spent in this place.
 C = Inter-level travel time spent in this place.
 D = Time resting spent in this place.
 E = Time spent auto-exploring this place.
 F = Levels seen in this place.
 G = Mean time per level.
                   A        B        C        D        E       F      G
               +--------+--------+--------+--------+--------+-----+--------+
         Total |  13444 |  12492 |    952 |   5699 |   3959 |   9 | 1493.8 |
       Dungeon |  11345 |  10411 |    934 |   4277 |   3911 |   7 | 1620.7 |
        Temple |     61 |     43 |     18 |      0 |     30 |   1 |   61.0 |
       Ossuary |   2037 |   2037 |      0 |   1422 |     18 |   1 | 2037.0 |
               +--------+--------+--------+--------+--------+-----+--------+

Top non-repeatable levels by time:
     D:6: 2880 daAuts
 Ossuary: 2037 daAuts
     D:4: 1969 daAuts
     D:3: 1554 daAuts
     D:1: 1548 daAuts
     D:2: 1236 daAuts
     D:5: 1173 daAuts
     D:7: 983 daAuts
  Temple: 61 daAuts
